 Dungeon Crawl Stone Soup version 0.21-a0-632-g1e37ce5 (webtiles) character file.

84 ricardofg the Magician (level 4, 24/24 HPs)
             Began as a Gargoyle Wizard on Dec 26, 2017.
             Got out of the dungeon alive.
             The game lasted 00:08:48 (2567 turns).

ricardofg the Magician (Gargoyle Wizard)            Turns: 2567, Time: 00:08:48

Health: 24/24      AC:  5    Str: 10    XL:     4   Next: 46%
Magic:  9/9        EV: 12    Int: 24    God:
Gold:   71         SH:  0    Dex:  8    Spells: 3/10 levels left

rFire    . . .     SeeInvis .   h - +0 spear
rCold    . . .     Gourm    .   (no shield)
rNeg     + . .     Faith    .   a - +0 robe
rPois    ∞         Spirit   .   b - +0 hat
rElec    +         Reflect  .   (no cloak)
rCorr    .         Harm     .   (no gloves)
MR       .....                  (no boots)
Stlth    ++........             (no amulet)
HPRegen  0.08/turn              o - +4 ring of intelligence
MPRegen  0.11/turn              (no ring)

@: no status effects
A: negative energy resistance 1, electricity resistance, unbreathing,
petrification resistance, rot immunity, AC +3
a: no special abilities


You escaped.
You were not hungry.

You visited 1 branch of the dungeon, and saw 2 of its levels.

You collected 71 gold pieces.

Inventory:

Hand Weapons
 e - a +0 dagger
 h - a +0 spear (weapon)
Armour
 a - a +0 robe (worn)
 b - a +0 hat (worn)
Jewellery
 o - a +4 ring of intelligence (left hand)
Scrolls
 g - 6 scrolls of identify {unknown}
 j - a scroll of teleportation {unknown}
 m - a scroll of immolation {unknown}
Potions
 i - a potion of brilliance {unknown}
 k - a potion of curing {unknown}
 l - 2 potions of mutation {unknown}
 n - a potion of heal wounds {unknown}
Books
 c - a book of Minor Magic

   Spells                             Type                      Level
   a - Magic Dart                     Conjuration                  1
   b - Blink                          Translocation                2
   c - Call Imp                       Summoning                    2
   d - Slow                           Hexes                        2
   e - Conjure Flame                  Conjuration/Fire             3
   f - Mephitic Cloud                 Conjuration/Poison/Air       3
Comestibles
 d - 6 rations
 f - 3 chunks of flesh


   Skills:
 + Level 0.7 Fighting
 + Level 1.5 Polearms
 + Level 2.1 Dodging
 + Level 2.4 Stealth
 + Level 3.7 Spellcasting
 + Level 1.5 Conjurations
   Level 0.8 Summonings
   Level 0.8 Translocations


You had 3 spell levels left.
You knew the following spells:

 Your Spells              Type           Power        Failure   Level  Hunger
a - Magic Dart            Conj           ##..         5%          1    None
b - Conjure Flame         Conj/Fire      #.......     22%         3    ##.....
c - Mephitic Cloud        Conj/Pois/Air  #.......     24%         3    ##.....


Dungeon Overview and Level Annotations

Branches:
Dungeon (2/15)

Altars:
Zin


Innate Abilities, Weirdness & Mutations

You are resistant to torment.
Your stone body is resilient. (AC +3)
You are immune to poison.
You resist negative energy. (rN+)
You are resistant to electric shocks. (rElec)
You can survive without breathing.
You are immune to petrification.
You are immune to rotting.


Message History

Where to? (? - help)
Okay, then.
Unknown command.
(D) Dungeon
Where to? (? - help)
You see here a club.
There is a stone staircase leading up here.
You climb upwards.
There is a stone staircase leading down here.
You see here a club.
You see here a short sword.
You see here 3 stones.
You enter a teleport trap!
The teleport trap disappears.
Your surroundings suddenly seem different.
(D) Dungeon
Where to? (Enter - D:1 @ (x,y), ? - help)
You see here 3 stones.
There is a staircase leading out of the dungeon here.
Are you sure you want to leave the Dungeon?
This will make you lose the game!
You have escaped!

#...^....#.....# #.##.#.#
#...(...##.....# #.##.#.#
###....###.....# #......# #.####
#.....# ####.### #.# ###.###
####.#### #)# #.#####....(..#
#.##### #........#.##.# #
#.....############..##.# #
##.......# #..@..#####.#
####.##.##.###.....#####.####
..##.##.#....#.....#........#
..##.##.....##.....###.####.#####
..##.####....#.....# #..........#
.....#####.#.###.#####...........
..##.......#.###.# #.......###.#
..##.######...(.(# #........##.#
..##.# #...#### #........##.#


There were no monsters in sight!

Vanquished Creatures
  4 adders
  An ooze (D:1)
  A worm (D:2)
  A leopard gecko (D:1)
  4 bats
  A hobgoblin (D:2)
  8 jackals
  9 kobolds (D:1)
  6 frilled lizards
  5 goblins
  2 rats (D:1)
42 creatures vanquished.

Notes
Turn   | Place    | Note
-------+----------+-------------------------------------------
     0 | D:1      | ricardofg the Gargoyle Wizard began the quest for the Orb.
     0 | D:1      | Reached XP level 1. HP: 10/10 MP: 4/4
    10 | D:1      | Upgraded the game from 0.21-a0-630-g344d351 to 0.21-a0-632-g1e37ce5
   307 | D:1      | Reached XP level 2. HP: 10/15 MP: 6/6
   777 | D:1      | Reached XP level 3. HP: 11/19 MP: 8/8
  1617 | D:2      | Reached skill level 1 in Polearms
  1643 | D:1      | Reached XP level 4. HP: 2/24 MP: 0/9
  2033 | D:2      | Found a glowing silver altar of Zin.
  2481 | D:2      | Learned a level 3 spell: Conjure Flame
  2485 | D:2      | Learned a level 3 spell: Mephitic Cloud
  2567 | D:$      | Got out of the dungeon alive.

Vault maps used:
D:1:      minmay_arrival_checkered_box
D:2:      overflow_temple_1_default, lemuel_crystal_altar, interstate_on_off

Skill      XL: |  1  2  3 |
---------------+----------+-----
Dodging        | 2 |  2.1
Polearms       | 1 |  1.5
Fighting       | |  0.7
Stealth        | |  2.4
Spellcasting   | |  3.7
Conjurations   | |  1.5
Summonings     | |  0.8
Translocations | |  0.8

Action                   |  1- 3 |  4- 6 || total
-------------------------+-------+-------++-------
Melee: Unarmed           |    30 |       ||    30
       Spear             |   101 |    15 ||   116
       Dagger            |     1 |       ||     1
 Cast: Magic Dart        |    46 |    37 ||    83
  Eat: Ration            |     1 |       ||     1
       Chunk             |       |     2 ||     2
Armor: Robe              |    32 |     3 ||    35
Dodge: Dodged            |   108 |     4 ||   112

Table legend:
 A = Spawn XP
 B = Non-spawn XP
 C = Spawn XP percentage of total XP
 D = Spawn monster count
 E = Non-spawn monster count
 F = Spawn count percentage of total count
 G = Total turns spent on level
                    A         B        C        D         E        F      G
               +---------+---------+-------+---------+---------+-------+---------
         Total |       0 |     121 |   0.0 |       0 |      42 |   0.0 |  2567
               +---------+---------+-------+---------+---------+-------+---------
           D:1 |       0 |      71 |   0.0 |       0 |      28 |   0.0 |  2131
           D:2 |       0 |      50 |   0.0 |       0 |      14 |   0.0 |   436
               +---------+---------+-------+---------+---------+-------+---------
